 Dungeon Crawl Stone Soup version 0.18.1-5-g4a78601 (webtiles) character file.

88 Aluminik the Vexing (level 4, 0/25 HPs)
             Began as a Deep Elf Arcane Marksman on May 10, 2016.
             Was a Follower of Ashenzari.
             Slain by a hound (3 damage)
             ... on level 3 of the Dungeon.
             The game lasted 00:19:37 (2231 turns).

Aluminik the Vexing (Deep Elf Arcane Marksman)      Turns: 2231, Time: 00:19:38

Health: 0/25       AC:  2    Str:  8    XL:     4   Next: 29%
Magic:  9/9        EV: 13    Int: 19    God:    Ashenzari [*.....]
Gold:   132        SH:  0    Dex: 14    Spells: 3 memorised, 1 level left

rFire  . . .     SeeInvis +     a - +0 hand crossbow
rCold  . . .     Gourm    .     b - +0 robe
rNeg   . . .     Faith    .     (no shield)
rPois  .         Spirit   .     (no helmet)
rElec  .         Dismiss  .     (no cloak)
rCorr  .         Reflect  .     (no gloves)
SustAt .         Harm     .     (no boots)
MR     .....                    (no amulet)
Stlth  +.........               (no ring)
                                u - ring of see invisible

@: not resistant to hostile enchantments, very unstealthy
A: no striking features
a: Curse Item, Scrying, Renounce Religion


You were on level 3 of the Dungeon.
You worshipped Ashenzari.
Ashenzari was aware of your devotion.
You were not hungry.

You visited 1 branch of the dungeon, and saw 3 of its levels.

You collected 132 gold pieces.

Inventory:

Hand Weapons
 a - a +0 hand crossbow (weapon)
 e - a +0 short sword
 l - a cursed -1 short sword
Missiles
 d - 18 bolts (quivered)
Armour
 b - a +0 robe (worn)
Jewellery
 i - an uncursed amulet of guardian spirit
 u - a ring of see invisible (left hand)
Wands
 p - a wand of flame (32/48)
Scrolls
 j - a scroll of teleportation {unknown}
 m - a scroll of noise {unknown}
 q - a scroll of identify {unknown}
Potions
 h - a potion of heal wounds {unknown}
 n - 3 potions of brilliance {unknown}
 o - a potion of degeneration {unknown}
 s - a potion of resistance {unknown}
 t - a potion of curing {unknown}
Books
 c - a book of Debilitation

   Spells                             Type                      Level
   a - Corona                         Hexes                        1
   b - Slow                           Hexes                        2
   c - Gell's Gravitas                Hexes/Translocation          3
   d - Inner Flame                    Hexes/Fire                   3
   e - Cause Fear                     Hexes                        4
   f - Leda's Liquefaction            Hexes/Earth                  4
Comestibles
 f - 4 bread rations
 g - 2 meat rations
 k - 3 fruits
 r - a beef jerky


   Skills:
 + Level 1.0 Fighting
 + Level 3.2 Crossbows
 + Level 2.8 Dodging
 + Level 2.0 Spellcasting
 + Level 4.9 Hexes


You had one spell level left.
You knew the following spells:

 Your Spells              Type           Power        Failure   Level  Hunger
a - Corona                Hex            ###....      2%          1    #......
b - Slow                  Hex            ###.....     4%          2    ###....
c - Inner Flame           Hex/Fire       ##......     21%         3    ###....


Dungeon Overview and Level Annotations

Branches:
Dungeon (3/15)

Altars:
Ashenzari
Dithmenos
Xom


Message History

The hound bites you.
* * * LOW HITPOINT WARNING * * *
The hound bites you.
* * * LOW HITPOINT WARNING * * *
Zapping:
p - a wand of flame (will waste charges)
Press: ? - help, Shift-Dir - straight line, f/p - hound
Aim: a hound (heavily wounded)
The puff of flame hits the hound.
The hound is almost dead.
Evoking this partially-identified wand wasted a few charges.
The hound closely misses you. The adder barely misses you.
The hound completely misses you.
That item cannot be evoked!
Zapping:
p - a wand of flame {zapped: 2} (will waste charges)
Press: ? - help, Shift-Dir - straight line, f/p - hound
Aim: a hound (almost dead)
The puff of flame misses the hound.
Evoking this partially-identified wand wasted a few charges.
The adder misses you. The hound bites you.
You die...

#. #. #. #. ################.
###.(. ..................
#..... .................
#(.... ######...########.###.
#..... #...h@................
#..... #...S.....###.........
#....( #.........# #####...)†
#....(###(.....##.# #.####
#.....(('......'..#######.####
#....####......###.........< #
#... ######## ##....#..####
#.. ####....#..#... #.
#..........#..(


You could see a hound and an adder.

Vanquished Creatures
  2 adders
  4 worms (D:3)
  A dart slug (D:3)
  An orc (D:3)
  7 goblins
  10 hobgoblins
  3 jackals (D:1)
  7 kobolds
  A quokka (D:3)
  A ball python (D:3)
  10 bats
  2 giant newts
  5 rats
54 creatures vanquished.

Vanquished Creatures (others)
  4 toadstools (D:1)
4 creatures vanquished.

Grand Total: 58 creatures vanquished

Notes
Turn   | Place    | Note
--------------------------------------------------------------
     0 | D:1      | Aluminik the Deep Elf Arcane Marksman began the quest for the Orb.
     0 | D:1      | Reached XP level 1. HP: 11/11 MP: 5/5
   170 | D:1      | Reached XP level 2. HP: 16/16 MP: 4/6
   220 | D:1      | Learned a level 2 spell: Slow
   727 | D:1      | Reached XP level 3. HP: 20/20 MP: 7/7
  1030 | D:2      | Found a faded altar to an unknown god.
  1285 | D:2      | Found a shimmering altar of Xom.
  1285 | D:2      | Found a shadowy altar of Dithmenos.
  1529 | D:2      | Became a worshipper of Ashenzari the Shackled
  1529 | D:2      | Reached * piety under Ashenzari
  1960 | D:3      | Reached XP level 4. HP: 24/24 MP: 9/9
  2000 | D:3      | Learned a level 3 spell: Inner Flame
  2048 | D:3      | Reached skill level 1 in Fighting
  2231 | D:3      | Slain by a hound

Skill      XL: |  1  2  3  4 |
---------------+-------------+-----
Crossbows      | 2 3 |  3.2
Spellcasting   | 2 |  2.0
Fighting       | 1 |  1.0
Dodging        | |  2.8
Hexes          | |  4.9

Action                   |  1- 3 |  4- 6 || total
-------------------------+-------+-------++-------
Melee: Short sword       |     2 |       ||     2
 Fire: Hand crossbow     |    94 |    27 ||   121
 Cast: Corona            |     5 |       ||     5
       Inner Flame       |       |     1 ||     1
Evoke: Wand              |       |     2 ||     2
 Stab: Sleeping          |     1 |       ||     1
  Eat: Meat ration       |     1 |       ||     1
Armor: Robe              |     6 |     1 ||     7
Dodge: Dodged            |    21 |    14 ||    35
